 Dungeon Sprint DCSS version 0.29.1-2-gbd0b4ee654 (webtiles) character file.

Game seed: 14190957116090368832

58 Zeld the Chopper (level 3, -4/54 HPs)
             Began as a Minotaur Berserker on Oct 31, 2022.
             Was a Believer of Trog.
             Slain by a snapping turtle (9 damage)
             ... in the Dungeon (Sprint VII: "The Pits").
             The game lasted 00:00:08 (24 turns).

Zeld the Chopper (Minotaur Berserker)                 Turns: 24, Time: 00:00:09

Health: -4/54      AC:  2    Str: 23    XL:     3   Next: 75%
Magic:  2/2        EV: 12    Int:  4    God:    Trog [**....]
Gold:   0          SH:  0    Dex:  9    Spells: 2/2 levels left

rFire   . . .      SeeInvis .   a - +0 hand axe
rCold   . . .      Faith    .   (no shield)
rNeg    . . .      Spirit   .   b - +0 animal skin
rPois   .          Reflect  .   (helmet restricted)
rElec   .          Harm     .   (no cloak)
rCorr   .          Rampage  .   (no gloves)
Will    .....      NoTele   +   (no boots)
Stlth   ..........              (no amulet)
HPRegen 0.18/turn               (no ring)
MPRegen 0.08/turn               (no ring)

@: berserking, very quick
A: horns 2, retaliatory headbutt
a: Renounce Religion, Berserk, Trog's Hand


You were in the Dungeon.
You worshipped Trog.
Trog was pleased with you.
You visited 1 branch

Inventory:

Hand Weapons
 a - a +0 hand axe (weapon)
Armour
 b - a +0 animal skin (worn)
Scrolls
 h - a scroll of blinking
Potions
 c - a potion of curing
 d - a potion of heal wounds
 e - a potion of haste
 f - 2 potions of magic
 g - a potion of berserk rage


   Skills:
 + Level 5.3 Fighting
 * Level 6.7 Axes
 + Level 4.6 Armour
 + Level 4.1 Dodging


You had 2 spell levels left.
You didn't know any spells.
Your spell library was empty.

Dungeon Overview and Level Annotations

Branches:
Dungeon (1/1)

Altars:


Innate Abilities, Weirdness & Mutations

You have a pair of horns on your head.
You reflexively headbutt those who attack you in melee.


Message History

The orc priest is severely wounded.
You slash the ball python skeleton!
You destroy the ball python skeleton!
Trog accepts your kill. The orc priest closely misses you.
The orc knight barely misses you.
Unknown command.
You barely miss the orc priest. You headbutt the orc priest!
The orc priest is heavily wounded.
You barely miss the orc priest. The orc priest completely misses you.
The orc priest hits you with a +1 whip of electrocution!
The orc knight roars a battlecry!
The orcs go into a battle-frenzy!
Unknown command.
You completely miss the orc priest. You headbutt the orc priest!
You kill the orc priest!
Trog accepts your kill.
You hit the orc priest.
You kill the orc priest!
Trog accepts your kill.
You can now call upon Trog for regeneration and willpower.
The snapping turtle bites you from afar!
Ouch! That really hurt!
* * * LOW HITPOINT WARNING * * *
Your Fighting skill gained 2 levels and is now at level 5!
Your Axes skill gained 3 levels and is now at level 6!
Your Armour skill gained 2 levels and is now at level 4!
Your Dodging skill gained 2 levels and is now at level 4!
You have reached level 2!
You have reached level 3!
Your experience leads to an increase in your attributes!
Increase (S)trength, (I)ntelligence, or (D)exterity?
You feel stronger. x2
Unknown command.
Unknown command.
You slash the warg! Your headbutt misses the warg.
The warg is heavily wounded.
The orc knight hits you from afar with a +0 halberd.
* * * LOW HITPOINT WARNING * * *
The snapping turtle bites you from afar!
You die...

#................+
+................+
#......#..#......#
#................#
####'#####''######
#.......##''#####
#.......##......#
#.......##......#
#...<...###.@).##
#.......# ##h'##
#.......# ot..#
#.......# ..o...#
##########......+
#......# ##....##
##++##


You could see an orc knight, a snapping turtle, a warg and an orc warrior
(strong).

Vanquished Creatures
  2 orc priests (D)
  A ball python skeleton (D)
3 creatures vanquished.

Notes
Turn   | Place    | Note
-------+----------+-------------------------------------------
     0 | D        | Zeld the Minotaur Berserker began the quest for the Orb.
     0 | D        | Reached XP level 1. HP: 19/19 MP: 0/0
    17 | D        | Noticed an orc knight
    17 | D        | Noticed an orc priest
    17 | D        | Noticed a warg
    17 | D        | Noticed an orc warrior
    17 | D        | Noticed an orc priest
    17 | D        | Noticed an orc wizard
    17 | D        | Noticed a snapping turtle
    23 | D        | Killed an orc priest
    23 | D        | Killed an orc priest
    23 | D        | Reached ** piety under Trog
    24 | D        | Reached skill level 5 in Fighting
    24 | D        | Reached skill level 6 in Axes
    24 | D        | Reached XP level 2. HP: 7/29 MP: 1/1
    24 | D        | Reached XP level 3. HP: 9/36 MP: 2/2
    24 | D        | Slain by a snapping turtle

Illustrated notes

Levels and vault maps discovered:
D:        pitsprint [storerooms_1, entrance_room_1, metal_vault_2, armoury_1,
          mini_pit_1, grid_room_1, main_hall_1, silver_pit, the_coven_1,
          the_vestibule_1, steel_vault_1, golden_pit, hallway_of_sentries,
          crystal_vault_3, iron_vault_4, final_vault]

Skill      XL: |  1 |
---------------+----+-----
Fighting       | 5 |  5.3
Axes           | 6 |  6.7
Armour         | 4 |  4.6
Dodging        | 4 |  4.1

Action                   || total
-------------------------++-------
Melee: Hand axe          ||     6
       Headbutt          ||     3
Invok: Berserk           ||     1
Dodge: Dodged            ||     5
